 Dungeon Crawl Stone Soup version 0.27-a0-965-gbf8bb431c4 (webtiles) character file.

Game seed: 14496358810550045222

105 mhtbhm the Digger (level 4, -2/25 HPs)
             Began as a Gargoyle Earth Elementalist on Apr 12, 2021.
             Slain by a black bear (4 damage)
             ... on level 4 of the Dungeon.
             The game lasted 00:04:39 (3195 turns).

mhtbhm the Digger (Gargoyle Earth Elementalist)     Turns: 3195, Time: 00:04:40

Health: -2/25      AC:  6    Str: 12    XL:     4   Next: 81%
Magic:  1/8        EV: 12    Int: 16    God:
Gold:   37         SH:  0    Dex: 10    Spells: 2/8 levels left

rFire    . . .     SeeInvis .   a - +0 whip
rCold    . . .     Faith    .   (no shield)
rNeg     + . .     Spirit   .   c - +0 robe
rPois    ∞         Reflect  .   j - +0 helmet
rElec    +         Harm     .   (no cloak)
rCorr    .         Rampage  .   (no gloves)
Will     .....                  (no boots)
Stlth    ++........             (no amulet)
HPRegen  0.08/turn              (no ring)
MPRegen  0.11/turn              (no ring)

@: no status effects
A: AC +3, negative energy resistance 1, electricity resistance, torment
resistance 1, unbreathing 1, petrification resistance
a: no special abilities


You were on level 4 of the Dungeon.
You visited 1 branch of the dungeon, and saw 3 of its levels.

You collected 37 gold pieces.

Inventory:

Hand Weapons
 a - a +0 whip (weapon)
Missiles
 b - 47 stones
Armour
 c - a +0 robe (worn)
 j - a +0 helmet (worn)
Potions
 h - a potion of lignification {unknown}
 k - a potion of magic {unknown}


   Skills:
 + Level 1.2 Fighting
 + Level 1.0 Maces & Flails
 + Level 2.1 Dodging
 - Level 2.3 Stealth
 + Level 2.9 Spellcasting
 + Level 0.7 Transmutations
 + Level 4.7 Earth Magic


You had 2 spell levels left.
You knew the following spells:

 Your Spells              Type           Power      Damage    Failure   Level
a - Sandblast             Erth           34%        2d9       2%          1
b - Passwall              Tmut/Erth      9%         N/A       10%         2
c - Stone Arrow           Conj/Erth      18%        3d8       22%         3

Your spell library contained the following spells:

 Spells                   Type           Power      Damage    Failure   Level
 Magic Dart               Conj           8%         1d3       19%         1
 Blink                    Tloc           N/A        N/A       28%         2
 Call Imp                 Summ           2%         N/A       28%         2
 Slow                     Hex            2%         N/A       28%         2
 Conjure Flame            Conj/Fire      2%         6-21      50%         3
 Mephitic Cloud           Conj/Pois/Air  2%         N/A       50%         3
 Petrify                  Tmut/Erth      11%        N/A       52%         4
 Lee's Rapid Deconstruct  Erth           8%         3d8*      58%         5


Dungeon Overview and Level Annotations

Branches:
Dungeon (2/15)

Altars:


Innate Abilities, Weirdness & Mutations

Your stone body is resilient. (AC +3)
You are immune to poison.
You resist negative energy. (rN+)
You are resistant to electric shocks. (rElec)
You are resistant to unholy torment.
You can survive without breathing.
You are immune to petrification.


Message History

The gnoll hits you from afar with a +0 spear.
The black bear barely misses you. The black bear claws you.
The black bear claws you but does no damage.
You hit the black bear.
The black bear is severely wounded.
The gnoll hits you from afar with a +0 spear.
The black bear goes berserk!
Unknown command.
You hit the black bear.
The black bear is severely wounded.
The black bear barely misses you. The black bear claws you. x2
The gnoll hits you from afar with a +0 spear!
* * * LOW HITPOINT WARNING * * *
Unknown command.
You feel much better.
The black bear bites you but does no damage.
The black bear claws you. The black bear barely misses you.
The gnoll barely misses you. The black bear barely misses you.
The black bear claws you. The black bear barely misses you.
Your magical contamination has completely faded away.
Unknown command.
Casting: Sandblast (safe; 2% risk of failure)
Confirm with . or Enter, or press ? or * to list all spells.
Okay, then.
You barely miss the black bear.
The black bear is severely wounded.
The black bear bites you!
* * * LOW HITPOINT WARNING * * *
The black bear claws you but does no damage.
The black bear claws you.
* * * LOW HITPOINT WARNING * * *
The gnoll hits you from afar with a +0 spear.
* * * LOW HITPOINT WARNING * * *
You feel better. The black bear barely misses you.
The black bear completely misses you. The black bear claws you.
The gnoll hits you from afar with a +0 spear.
* * * LOW HITPOINT WARNING * * *
The black bear bites you but does no damage.
The black bear claws you.
You die...

*,+,,,+,*
*****+*+**#######
*,+,,,*∩+,#.....# **
*,********#####.#
,***,,,* #.#
,,,,,******* #.#
****,,,,,,,** #.#
*****,,,,#..######.#
*,,,,,**,,#.ggg.@#.#
,,*******,######h#.#
*** *,,* *,..#.#
**,***.###.# *,**..*
#.# *,,.>** #.#
***,.##* #.# *,,.#*
#.# ********,*,* #.#


You could see a black bear (berserk) and 3 gnolls.

Vanquished Creatures
  Jessica (D:2)
  Robin (D:2)
  An ufetubus (D:4)
  A worm (D:2)
  A dart slug (D:1)
  3 endoplasms
  12 giant cockroaches
  6 goblins (D:2)
  5 hobgoblins
  2 jackals (D:1)
  4 quokkas
  2 ball pythons
  A bat (D:1)
  2 frilled lizards (D:1)
  5 kobolds
  5 rats
52 creatures vanquished.

Notes
Turn   | Place    | Note
-------+----------+-------------------------------------------
     0 | D:1      | mhtbhm the Gargoyle Earth Elementalist began the quest for
                  | the Orb.
     0 | D:1      | Reached XP level 1. HP: 10/10 MP: 3/3
   448 | D:1      | Reached skill level 4 in Earth Magic
   448 | D:1      | Reached XP level 2. HP: 8/15 MP: 0/5
   746 | D:1      | Learned a level 2 spell: Passwall
  1619 | D:1      | Reached XP level 3. HP: 19/19 MP: 3/6
  1623 | D:1      | Learned a level 3 spell: Stone Arrow
  2013 | D:1      | Found a faded altar of an unknown god.
  2284 | D:2      | Noticed Jessica
  2297 | D:2      | Killed Jessica
  2298 | D:2      | Reached XP level 4. HP: 20/24 MP: 5/8
  2510 | D:2      | Reached skill level 1 in Fighting
  2726 | D:2      | Noticed Robin
  2732 | D:2      | Killed Robin
  3100 | D:2      | You fall into a shaft and drop 2 floors!
  3112 | D:4      | Reached skill level 1 in Maces & Flails
  3184 | D:4      | Noticed a black bear
  3195 | D:4      | Slain by a black bear

Illustrated notes

Levels and vault maps discovered:
D:1:      psy_arrival_dodecagon, layout_loops_cross,
          hellmonk_ecumenical_altar_inner_sanctum, serial_rivers,
          chequers_serial_rivers_large_b, chequers_serial_rivers_small_3,
          chequers_serial_rivers_micro_a, chequers_serial_rivers_micro_e,
          chequers_serial_rivers_micro_b, st_stairs_3
D:2:      minmay_roachtagon, layout_loops_ring, uniq_robin, uniq_jessica,
          uniq_crazy_yiuf_cottage
D:4:      layout_rooms, grunt_temple_overflow_diamond, serial_shops,
          nicolae_shop_stone, nicolae_ossuary_entry_catacombs

Skill      XL: |  1  2  3  4 |
---------------+-------------+-----
Earth Magic    | 4 |  4.7
Fighting       | 1 |  1.2
Dodging        | 2 |  2.1
Maces & Flails | 1 |  1.0
Stealth        | |  2.3
Spellcasting   | |  2.9
Transmutations | |  0.7

Action                   |  1- 3 |  4- 6 || total
-------------------------+-------+-------++-------
Melee: Unarmed           |    37 |       ||    37
       Whip              |    27 |    88 ||   115
 Cast: Sandblast         |    35 |    16 ||    51
       Passwall          |       |     2 ||     2
  Use: Scroll            |       |     6 ||     6
       Potion            |       |     3 ||     3
Armor: Robe              |    28 |    38 ||    66
Dodge: Dodged            |    65 |    79 ||   144

Table legend: (Time is in decaauts)
 A = Elapsed time spent in this place.
 B = Non-inter-level travel time spent in this place.
 C = Inter-level travel time spent in this place.
 D = Time resting spent in this place.
 E = Time spent auto-exploring this place.
 F = Levels seen in this place.
 G = Mean time per level.
                   A        B        C        D        E       F      G
               +--------+--------+--------+--------+--------+-----+--------+
         Total |   3239 |   3239 |      0 |   1492 |   1125 |   3 | 1079.7 |
       Dungeon |   3239 |   3239 |      0 |   1492 |   1125 |   3 | 1079.7 |
               +--------+--------+--------+--------+--------+-----+--------+

Top non-repeatable levels by time:
     D:1: 2231 daAuts
     D:2: 913 daAuts
     D:4: 95 daAuts
